 Dungeon Crawl Stone Soup version 0.20-a0-871-g785f14b (webtiles) character file.

123 Chikkuri the Covered (level 5, 3/42 HPs)
             Began as a Barachi Fighter on Mar 14, 2017.
             Quit the game on level 3 of the Dungeon.
             The game lasted 00:07:54 (1725 turns).

Chikkuri the Covered (Barachi Fighter)              Turns: 1725, Time: 00:07:55

Health: 3/42       AC:  7    Str: 15 (18) XL:     5   Next: 7%
Magic:  5/5        EV: 12    Int:  7 (8)  God:
Gold:   150        SH:  9    Dex: 14 (17) Spells: 4/4 levels left

rFire    . . .     SeeInvis .   a - +0 trident
rCold    . . .     Gourm    .   b - +0 scale mail
rNeg     . . .     Faith    .   c - +0 shield
rPois    .         Spirit   .   (no helmet)
rElec    .         Reflect  .   (no cloak)
rCorr    .         Harm     .   (no gloves)
MR       .....                  (no boots)
Stlth    +.........             (no amulet)
Regen    0.2/turn               (no ring)
MPRegen  0.1/turn               (no ring)

@: agile, lethally poisoned (3 -> -26), can't hop, very slightly contaminated,
hasted and slowed, slow
A: +LOS, swims, slowness 1, strong legs 1
a: Hop


You were on level 3 of the Dungeon.
You were not hungry.

You visited 1 branch of the dungeon, and saw 3 of its levels.

You collected 150 gold pieces.

Inventory:

Hand Weapons
 a - a +0 trident (weapon)
 u - a +0 hunting sling
Armour
 b - a +0 scale mail (worn)
 c - a +0 shield (worn)
Jewellery
 k - an uncursed ring of protection from magic {unknown}
 o - a +5 ring of intelligence {unknown}
 q - an uncursed ring of protection from fire {unknown}
 s - a cursed -6 ring of intelligence {unknown}
Scrolls
 l - a scroll of amnesia {unknown}
 m - 2 scrolls of identify
 n - 2 scrolls of teleportation
 p - a scroll of remove curse
 r - a scroll of magic mapping {unknown}
Potions
 d - 4 potions of might
Comestibles
 f - a bread ration
 g - 3 meat rations
 i - 2 royal jellies
 j - 4 fruits


   Skills:
 + Level 4.1 Fighting
 + Level 3.4 Polearms
 + Level 4.6 Armour
 + Level 0.4 Dodging
 + Level 0.4 Stealth
 + Level 3.9 Shields


You had 4 spell levels left.
You didn't know any spells.

Dungeon Overview and Level Annotations

Branches:
Dungeon (3/15)

Altars:
Nemelex Xobeh


Innate Abilities, Weirdness & Mutations

Shadows flee at your approach. (+LOS)
You can swim through water.
You cover ground slowly.
You can hop short distances.


Message History

Unknown command.
You feel very sick.
The kobold shoots a curare-tipped needle.
The curare-tipped needle hits you.
You are more poisoned.
You have difficulty breathing.
* * * LOW HITPOINT WARNING * * *
You feel as though you will be slow longer.
You see here a curare-tipped needle.
It was a potion of haste.
You feel yourself speed up.
* * * LOW HITPOINT WARNING * * *
You feel very sick.
You are very lightly contaminated with residual magic.
It was a potion of agility.
You feel agile all of a sudden.
* * * LOW HITPOINT WARNING * * *
You feel sick.
Okay, then.
Okay, then.
Are you sure you want to abandon this character and quit the game? (Confirm with "yes".)

#...>....# ######.###÷..#
#......# #...# #......#
#...# #......# #...# ..
#......# #...# ..
#......###...# ..
#........#...# #.
###......@...# ##.
####[###(..# #.. #....÷..#
#.. ###...()###########..
##.....†......##.#..
########.............##.#..
#...............K..........
#................).........
#...........)......#.......


You could see a kobold.

Vanquished Creatures
  Jessica (D:3)
  A gnoll (D:3)
  An adder (D:3)
  An ooze (D:2)
  A worm (D:3)
  4 dart slugs
  A leopard gecko (D:1)
  3 orcs (D:3)
  5 bats
  A giant cockroach (D:3)
  4 goblins
  11 hobgoblins
  4 jackals
  A quokka (D:3)
  2 ball pythons
  5 frilled lizards
  7 kobolds
  7 rats
60 creatures vanquished.

Notes
Turn   | Place    | Note
-------+----------+-------------------------------------------
     0 | D:1      | Chikkuri the Barachi Fighter began the quest for the Orb.
     0 | D:1      | Reached XP level 1. HP: 18/18 MP: 1/1
   135 | D:1      | Reached XP level 2. HP: 24/25 MP: 2/2
   459 | D:1      | Reached XP level 3. HP: 30/30 MP: 3/3
  1433 | D:3      | Reached XP level 4. HP: 30/37 MP: 4/4
  1622 | D:3      | Noticed Jessica
  1667 | D:3      | Killed Jessica
  1694 | D:3      | Found a sparkling altar of Nemelex Xobeh.
  1718 | D:3      | Reached XP level 5. HP: 39/42 MP: 5/5
  1725 | D:3      | Quit the game

Vault maps used:
D:1:      dpeg_arrival_windows_large_door, serial_park_tiny_pond
D:2:      minmay_misc_feat_iff, hangedman_glass_teeth, minmay_hedge_maze
D:3:      nemelex_xobeh_ov_fountains_minmay,
          nicolae_gozag_cash_rules_everything_around_me,
          uniq_crazy_yiuf_cottage, uniq_jessica

Skill      XL: |  1  2  3  4 |
---------------+-------------+-----
Armour         | 4 |  4.6
Fighting       | 4 |  4.1
Polearms       | 3 |  3.4
Dodging        | |  0.4
Stealth        | |  0.4
Shields        | |  3.9

Action                   |  1- 3 |  4- 6 || total
-------------------------+-------+-------++-------
Melee: Trident           |   121 |    56 ||   177
 Abil: Hop               |     2 |     2 ||     4
  Use: Scroll            |     2 |       ||     2
       Potion            |       |     3 ||     3
  Eat: Chunk             |     2 |     2 ||     4
Armor: Scale mail        |    40 |    17 ||    57
Dodge: Dodged            |    40 |    15 ||    55
Block: Shield            |    55 |    28 ||    83
